 Dungeon Crawl Stone Soup version 0.17.0-28-g6e173f8 (webtiles) character file.

173 lucasterio the Digger (level 5, -1/28 HPs)
             Began as a Gargoyle Earth Elementalist on Nov 26, 2015.
             Slain by an iguana (5 damage)
             ... on level 3 of the Dungeon.
             The game lasted 00:20:10 (3189 turns).

lucasterio the Digger (Gargoyle Earth Elementalist) Turns: 3189, Time: 00:20:10

Health: -1/28      AC:  7    Str: 11    XL:     5   Next: 53%
Magic:  0/9        EV: 12    Int: 17    God:
Gold:   137        SH:  0    Dex: 10    Spells: 3 memorised, 4 levels left

rFire  + . .     SeeInvis .     i - +0 short sword
rCold  . . .     Clarity  .     a - +0 robe
rNeg   + . .     SustAt   .     (no shield)
rPois  ∞         Gourm    .     (no helmet)
rElec  +         Spirit   .     (no cloak)
rCorr  .         Warding  .     (no gloves)
rMut   .         Stasis   .     y - +0 pair of boots
MR     .....                    (no amulet)
Stlth  ++........               (no ring)
                                l - ring of protection from fire

@: not resistant to hostile enchantments, unstealthy
A: negative energy resistance 1, electricity resistance, unbreathing,
petrification resistance, rot immunity, AC +4
a: no special abilities


You were on level 3 of the Dungeon.
You were hungry.

You visited 1 branch of the dungeon, and saw 4 of its levels.

You collected 137 gold pieces.

Inventory:

Hand Weapons
 i - a +0 short sword (weapon)
Missiles
 k - 15 stones (quivered)
Armour
 a - a +0 robe (worn)
 y - a +0 pair of boots (worn)
Jewellery
 l - a ring of protection from fire (left hand)
Scrolls
 b - a scroll of fog {unknown}
 g - a scroll of amnesia {unknown}
 n - 2 scrolls of remove curse
 p - a scroll of random uselessness {unknown}
 q - a scroll of teleportation {unknown}
 r - 4 scrolls of identify
 w - a scroll of fear {unknown}
 x - a scroll of magic mapping {unknown}
Potions
 e - a potion of degeneration {unknown}
 h - a potion of cancellation {unknown}
 m - 2 potions of brilliance {unknown}
 t - 4 potions of heal wounds
 u - a potion of mutation {unknown}
 v - a potion of curing {unknown}
Books
 c - a book of Geomancy

   Spells                             Type                      Level
   a - Sandblast                      Earth                        1
   b - Stoneskin                      Transmutation/Earth          2
   c - Passwall                       Transmutation/Earth          3
   d - Stone Arrow                    Conjuration/Earth            3
   e - Petrify                        Transmutation/Earth          4
   f - Lee's Rapid Deconstruction     Earth                        5
 s - a book of Maledictions

   Spells                             Type                      Level
   a - Corona                         Hexes                        1
   b - Ensorcelled Hibernation        Hexes/Ice                    2
   c - Confuse                        Hexes                        3
   d - Tukima's Dance                 Hexes                        3
   e - Dazzling Spray                 Conjuration/Hexes            3
Comestibles
 d - a bread ration
 f - a beef jerky
 j - 3 fruits
 o - 2 chunks of flesh


   Skills:
 + Level 2.8 Dodging
 - Level 2.1 Stealth
 + Level 3.1 Spellcasting
 * Level 1.4 Conjurations
 - Level 0.7 Transmutations
 + Level 5.0 Earth Magic


You had 4 spell levels left.
You knew the following spells:

 Your Spells              Type           Power        Failure   Level  Hunger
a - Sandblast             Erth           ###...       2%          1    None
b - Stoneskin             Trmt/Erth      ##......     10%         2    ##.....
c - Stone Arrow           Conj/Erth      ##....       14%         3    ###....


Dungeon Overview and Level Annotations

Branches:
Dungeon (4/15)
 Temple: D:4-7

Altars:
Ashenzari
Gozag
Kikubaaqudgha
Okawaru
Xom
Yredelemnul
The Shining One

Annotations:
D:4 Ijustatesigmund's ghost, amateur VSAs


Innate Abilities, Weirdness & Mutations

You are resistant to torment.
Your stone body is resilient (AC +4).
You are immune to poison.
You resist negative energy.
You are resistant to electric shocks.
You can survive without breathing.
You are immune to petrification.
You are immune to rotting.


Message History

Aim: an iguana The stone arrow hits the iguana.
The iguana is heavily wounded.
You are feeling hungry.
The iguana closely misses you.
Casting: Stone Arrow
Confirm with . or Enter, or press ? or * to list all spells.
Aiming: Sandblast
Press: ? - help, Shift-Dir - straight line, f/p - iguana
Aim: an iguana (heavily wounded)
The blast of sand hits the iguana.
The iguana is heavily wounded.
The iguana bites you but does no damage.
Casting: Sandblast
Confirm with . or Enter, or press ? or * to list all spells.
Aiming: Sandblast
Press: ? - help, Shift-Dir - straight line, f/p - iguana
Aim: an iguana (heavily wounded)
The blast of sand misses the iguana.
The iguana bites you.
You die...

..............#####.........#
##.....######..8#8..........#
#.......# #######.).......#####
##...###.#####...................
...#..##....##................#..
....#...###..#.....####.#....###.
.........###.......# #..#........
..........####.....# #.##..#.).).
..........# #..@..# #.##.##.._..
..........# #..l..# #.##..#.).).
.........## #.....###...........
........## #......#........###.
..##..#############.#.........#..
#.......#........##..............
#................##........)..###
#.......#........###.............
#.#...........................###


You could see an iguana.

Vanquished Creatures
  7 adders
  2 oozes
  4 worms
  2 giant geckos (D:3)
  4 orcs (D:3)
  4 bats
  8 giant cockroaches
  14 goblins
  7 hobgoblins
  7 jackals
  4 kobolds
  2 quokkas
  5 ball pythons
  4 giant newts
  A rat (D:3)
75 creatures vanquished.

Vanquished Creatures (others)
  4 toadstools (D:1)
4 creatures vanquished.

Grand Total: 79 creatures vanquished

Notes
Turn   | Place    | Note
--------------------------------------------------------------
     0 | D:1      | lucasterio the Gargoyle Earth Elementalist began the quest for the Orb.
     0 | D:1      | Reached XP level 1. HP: 10/10 MP: 3/3
   309 | D:1      | Reached XP level 2. HP: 15/15 MP: 3/5
   317 | D:1      | Learned a level 2 spell: Stoneskin
   450 | D:1      | Reached skill level 4 in Earth Magic
   731 | D:1      | Found a glowing golden altar of the Shining One.
   864 | D:1      | Reached XP level 3. HP: 19/19 MP: 2/6
  1586 | D:2      | Reached XP level 4. HP: 24/24 MP: 5/8
  1835 | D:2      | Found an opulent altar of Gozag.
  2188 | D:2      | Learned a level 3 spell: Stone Arrow
  2550 | D:3      | Reached XP level 5. HP: 26/28 MP: 5/9
  2625 | D:3      | Reached skill level 5 in Earth Magic
  2659 | D:3      | Reached skill level 1 in Conjurations
  2759 | D:3      | Found an ancient bone altar of Kikubaaqudgha.
  2773 | D:3      | Found a shimmering altar of Xom.
  3087 | D:3      | Found an iron altar of Okawaru.
  3145 | D:3      | Found a shattered altar of Ashenzari.
  3159 | D:3      | Found a basalt altar of Yredelemnul.
  3182 | D:4      | Noticed Ijustatesigmund's ghost (amateur VSAs)
  3189 | D:3      | Slain by an iguana

Action                   |  1- 3 |  4- 6 || total
-------------------------+-------+-------++-------
Melee: Club              |     5 |       ||     5
       Short sword       |    26 |    10 ||    36
       Dagger            |       |    23 ||    23
 Cast: Sandblast         |    65 |    92 ||   157
       Stone Arrow       |       |     7 ||     7
  Use: Scroll            |       |     2 ||     2
 Stab: Sleeping          |     3 |     1 ||     4
  Eat: Chunk             |     3 |     5 ||     8
